 Dungeon Crawl Stone Soup version 0.29.1-14-g9c671dbff4 (webtiles) character file.

Game seed: 16360340586991589528

1155 Gabide the Skirmisher (level 8, -2/48 HPs)
             Began as a Deep Elf Hunter on Feb 19, 2023.
             Slain by a black bear (6 damage)
             ... on level 5 of the Dungeon.
             The game lasted 00:08:55 (5004 turns).

Gabide the Skirmisher (Deep Elf Hunter)             Turns: 5004, Time: 00:08:55

Health: -2/48      AC:  7    Str:  8    XL:     8   Next: 16%
Magic:  10/10      EV: 15    Int: 15    God:
Gold:   124        SH:  0    Dex: 20    Spells: 7/7 levels left

rFire   + . .      SeeInvis +   a - +0 shortbow
rCold   . . .      Faith    .   (shield currently unavailable)
rNeg    + . .      Spirit   .   w - +1 leather armour {rF+}
rPois   .          Reflect  .   o - +0 helmet
rElec   .          Harm     .   i - +1 cloak
rCorr   .          Rampage  .   (no gloves)
Will    .....                   (no boots)
Stlth   ++........              (no amulet)
HPRegen 0.16/turn               e - ring of positive energy
MPRegen 0.12/turn               y - ring of see invisible

@: no status effects
A: no striking features
a: no special abilities


You were on level 5 of the Dungeon.
You visited 2 branches of the dungeon, and saw 7 of its levels.

You collected 310 gold pieces.
You spent 186 gold pieces at shops.

Inventory:

Hand Weapons
 a - a +0 shortbow (weapon)
Armour
 i - a +1 cloak (worn)
 o - a +0 helmet (worn)
 w - a +1 leather armour of fire resistance (worn)
Jewellery
 e - a ring of positive energy (left hand)
 j - a ring of flight
 r - a ring of resist corrosion
 y - a ring of see invisible (right hand)
 z - a +4 ring of protection
 A - a ring of wizardry
Wands
 C - a wand of digging (9)
Scrolls
 b - a scroll of immolation
 c - 2 scrolls of summoning {unknown}
 f - a scroll of poison {unknown}
 g - a scroll of acquirement {unknown}
 k - 5 scrolls of teleportation
 l - 2 scrolls of identify
 q - a scroll of vulnerability {unknown}
 u - 3 scrolls of fear {unknown}
 v - a scroll of butterflies {unknown}
 B - a scroll of amnesia {unknown}
Potions
 d - 2 potions of mutation
 h - a potion of curing
 m - 4 potions of ambrosia
 n - 2 potions of attraction {unknown}
 p - a potion of haste {unknown}
 s - 2 potions of degeneration {unknown}
 t - a potion of resistance {unknown}
 x - a potion of might {unknown}


   Skills:
 + Level 4.2 Fighting
 * Level 10.5 Ranged Weapons
 + Level 6.1 Dodging
 - Level 1.2 Stealth


You had 7 spell levels left.
You didn't know any spells.
Your spell library contained the following spells:

 Spells                   Type           Power      Damage    Failure   Level
 Apportation              Tloc           0%         N/A       36%         1
 Foxfire                  Conj/Fire      0%         2x1d4     36%         1
 Summon Small Mammal      Summ           0%         N/A       36%         1
 Call Canine Familiar     Summ           0%         N/A       75%         3
 Conjure Flame            Conj/Fire      0%         6-21      75%         3
 Inner Flame              Hex/Fire       0%         N/A       75%         3
 Summon Guardian Golem    Hex/Summ       0%         N/A       75%         3
 Animate Armour           Summ/Erth      0%         N/A       98%         4
 Flame Wave               Conj/Fire      0%         2d4       98%         4
 Petrify                  Tmut/Erth      0%         N/A       98%         4
 Summon Ice Beast         Ice/Summ       0%         N/A       98%         4
 Alistair's Intoxication  Tmut/Pois      0%         N/A       100%        5
 Metabolic Englaciation   Hex/Ice        0%         N/A       100%        5
 Statue Form              Tmut/Erth      0%         N/A       100%        6


Dungeon Overview and Level Annotations

Branches:
Dungeon (6/15)             Temple (1/1) D:4

Altars:
Ashenzari
Cheibriados
Dithmenos
Elyvilon
Fedhas
Gozag
Hepliaklqana
Kikubaaqudgha
Makhleb
Nemelex Xobeh
Okawaru
Qazlal
Ru
Sif Muna
Trog
Uskayaw
Xom
Yredelemnul
Zin
The Shining One

Shops:
D:2 !   D:3 ?


Message History

The black bear closely misses you.
The black bear claws you but does no damage.
The black bear closely misses you. The black bear bites you.
The black bear claws you but does no damage.
The black bear closely misses you.
You shoot an arrow.
The arrow hits the black bear but does no damage.
The black bear is severely wounded.
The black bear closely misses you. The black bear claws you. x2
You shoot an arrow. The arrow hits the black bear.
The black bear is almost dead.
The black bear barely misses you. The black bear misses you.
The black bear claws you. The black bear bites you!
The black bear completely misses you.
The black bear claws you but does no damage.
You are too injured to fight recklessly!
You are too injured to fight recklessly!
You are too injured to fight recklessly!
You are too injured to fight recklessly!
You are too injured to fight recklessly!
Fire: a) +0 shortbow
Press: ? - help, Q - select action Shift-Dir - straight line, f/p - black bear
Aim: a black bear (almost dead, berserk, 75% to hit)
You shoot an arrow. The arrow barely misses the black bear.
The black bear bites you!
* * * LOW HITPOINT WARNING * * *
The black bear claws you but does no damage.
The black bear claws you.
* * * LOW HITPOINT WARNING * * *
The black bear closely misses you. x2; The black bear claws you.
* * * LOW HITPOINT WARNING * * *
Fire: a) +0 shortbow
Press: ? - help, Q - select action Shift-Dir - straight line, f/p - black bear
Aim: a black bear (almost dead, berserk, 75% to hit)
You shoot an arrow.
The arrow closely misses the black bear.
The black bear bites you.
* * * LOW HITPOINT WARNING * * *
The black bear claws you.
You die...

#........# #...............#
#.######.# #.######..#####.#
#.######.###.######..#####.#
#.##......#...##........##.#
#.##.###.............##.##.#
#.##.###..#...##.###.##.##.#
#................# #.......#
####.#######h##### ####.####
########.# #@# #####.##
.........# ##'## #......#
.######..# ##...##
##.###..### .######..#
##....(###.........#
.##......#
##.......##.#######.#
.##.#...####.........#.# #.#
...........'.........+.# #.#
.##.#...####.........#.# #.#
........# ##.......##.# #.#


You could see a black bear (berserk).

Vanquished Creatures
  Grinder (D:4)
  Eustachio (D:4)
  A water moccasin (D:5)
  A black bear (D:5)
  A centaur (D:5)
  A phantom (D:5)
  3 hounds
  A jelly (D:5)
  An orc priest (D:6)
  An orc wizard (D:6)
  Natasha (thrice) (D:2)
  Robin (D:2)
  8 adders
  A white imp (D:5)
  A worm (D:3)
  5 dart slugs
  10 orcs
  9 endoplasms
  4 giant cockroaches
  15 goblins
  8 hobgoblins
  4 jackals (D:3)
  2 kobolds (D:2)
  2 quokkas
  5 ball pythons
  4 bats
  9 rats
103 creatures vanquished.

Notes
Turn   | Place    | Note
-------+----------+-------------------------------------------
     0 | D:1      | Gabide the Deep Elf Hunter began the quest for the Orb.
     0 | D:1      | Reached XP level 1. HP: 12/12 MP: 3/3
     9 | D:1      | Got the Textbook on the Throng
   118 | D:1      | Reached XP level 2. HP: 17/17 MP: 4/4
   528 | D:2      | Reached skill level 6 in Ranged Weapons
   543 | D:2      | Reached XP level 3. HP: 21/21 MP: 5/5
   555 | D:2      | Noticed Robin
   560 | D:2      | Killed Robin
   586 | D:2      | Noticed Natasha
   680 | D:2      | Reached XP level 4. HP: 14/26 MP: 6/6
   855 | D:2      | Found Lirem's Distillery.
  1003 | D:2      | Killed Natasha
  1180 | D:2      | Noticed Natasha
  1185 | D:2      | Killed Natasha
  1186 | D:2      | Reached skill level 7 in Ranged Weapons
  1435 | D:2      | Noticed Natasha
  1438 | D:2      | Killed Natasha
  1439 | D:2      | Reached XP level 5. HP: 31/31 MP: 7/7
  1683 | D:3      | Found a glowing golden altar of the Shining One.
  1996 | D:3      | Found an iron altar of Okawaru.
  2033 | D:3      | Found a shadowy altar of Dithmenos.
  2114 | D:3      | Found Tibrokhimm's Magic Scroll Shoppe.
  2119 | D:3      | Bought a scroll of enchant armour for 90 gold pieces
  2119 | D:3      | Bought a scroll of identify for 24 gold pieces
  2119 | D:3      | Bought a scroll of noise for 12 gold pieces
  2119 | D:3      | Bought a scroll of identify for 24 gold pieces
  2119 | D:3      | Bought a scroll of teleportation for 36 gold pieces
  2126 | D:3      | Found a blossoming altar of Fedhas.
  2436 | D:3      | Found an ancient bone altar of Kikubaaqudgha.
  2678 | D:4      | Noticed Grinder
  2698 | D:4      | Killed Grinder
  2699 | D:4      | Reached skill level 8 in Ranged Weapons
  2699 | D:4      | Reached XP level 6. HP: 11/37 MP: 8/8
  3087 | D:4      | Found a staircase to the Ecumenical Temple.
  3096 | Temple   | Entered the Ecumenical Temple
  3432 | D:4      | Noticed Eustachio
  3450 | D:4      | Killed Eustachio
  3451 | D:4      | Reached skill level 9 in Ranged Weapons
  3451 | D:4      | Reached skill level 5 in Dodging
  3451 | D:4      | Reached XP level 7. HP: 18/41 MP: 9/9
  3884 | D:5      | Entered Level 5 of the Dungeon
  4257 | D:5      | Reached skill level 10 in Ranged Weapons
  4507 | D:5      | Reached XP level 8. HP: 48/48 MP: 10/10
  5004 | D:5      | Slain by a black bear

Illustrated notes

Levels and vault maps discovered:
D:1:      enne_arrival_octagon_isle, layout_rooms
D:2:      layout_basic, serial_shops, nicolae_shop_crystal,
          hangedman_decor_diamond_cutter, uniq_robin, uniq_natasha
D:3:      layout_loops_ring, tso_metal_star, fedhas_altar_3, okawaru_gym_becter,
          lemuel_tele_altar, lemuel_coloured_pillars_altar, serial_shops,
          nicolae_shop_trees
D:4:      layout_loops_ring, minmay_temple_entry_trees, uniq_grinder,
          uniq_eustachio
D:5:      layout_loops_corners
D:6:      layout_cave_pods
Temple:   hellmonk_temple_two_chambers

Skill      XL: |  1  2  3  4  5  6  7 |
---------------+----------------------+-----
Ranged Weapons | 6 7 8 9 10 | 10.5
Dodging        | 3 4 5 6 |  6.1
Fighting       | 2 3 4 |  4.2
Stealth        | |  1.2

Action                   |  1- 3 |  4- 6 |  7- 9 || total
-------------------------+-------+-------+-------++-------
 Fire: Shortbow          |    91 |   171 |    87 ||   349
  Use: Scroll            |       |     6 |     1 ||     7
       Potion            |       |     2 |       ||     2
Armor: Leather armour    |    13 |    15 |    11 ||    39
Dodge: Dodged            |    18 |    45 |    32 ||    95
